 Dungeon Crawl Stone Soup version 0.26-a0-672-g1df16c3386 (webtiles) character file.

Game seed: 10308701241945214602

424 lunkers the Insei (level 6, 0/47 HPs)
             Began as a Draconian Transmuter on Oct 19, 2020.
             Was an Initiate of Ru.
             Slain by an ogre
             ... wielding a +0 giant spiked club
              (22 damage)
             ... on level 5 of the Dungeon.
             The game lasted 00:05:28 (4867 turns).

lunkers the Insei (Draconian Transmuter)            Turns: 4867, Time: 00:05:29

Health: 0/47       AC:  7    Str: 12    XL:     6   Next: 64%
Magic:  6/9        EV: 12    Int: 14    God:    Ru [......]
Gold:   304        SH:  0    Dex:  9    Spells: 5/9 levels left

rFire    . . .     SeeInvis .   q - +8 hunting sling of Vananot {vorpal, +Blink rElec rN++ Dex-4}
rCold    . . .     Faith    .   (no shield)
rNeg     + + .     Spirit   .   (armour unavailable)
rPois    .         Reflect  .   (helmet restricted)
rElec    +         Harm     .   (no cloak)
rCorr    .         Rampage  .   u - +0 pair of gloves
MR       .....                  (no boots)
Stlth    +.........             g - amulet of regeneration
HPRegen  0.55/turn              (no ring)
MPRegen  0.11/turn              (no ring)

@: very slightly contaminated
A: unfitting armour, screaming 1, cold-blooded, AC +6
a: Renounce Religion, Evoke Blink


You were on level 5 of the Dungeon.
You worshipped Ru.
Ru was noncommittal.
You visited 1 branch of the dungeon, and saw 5 of its levels.

You collected 304 gold pieces.

Inventory:

Hand Weapons
 q - the +8 hunting sling of Vananot (weapon) {vorpal, +Blink rElec rN++ Dex-4}
   (You found it on level 4 of the Dungeon)

   Any stone fired from it inflicts extra damage.
   It affects your dexterity (-4).
   It insulates you from electricity.
   It greatly protects you from negative energy.
   It lets you blink.
Missiles
 r - 23 sling bullets (quivered)
 s - 128 stones
 y - 4 curare-tipped darts {=f}
Armour
 u - a +0 pair of gloves (worn)
Jewellery
 b - an uncursed ring of ice
 g - an amulet of regeneration (around neck)
 j - an uncursed amulet of faith {unknown}
 v - an uncursed amulet of reflection {unknown}
 w - an uncursed ring of fire
Wands
 p - a wand of polymorph (5)
Scrolls
 a - 3 scrolls of remove curse
 d - 3 scrolls of teleportation {unknown}
 e - 2 scrolls of enchant armour {unknown}
 h - 2 scrolls of fog {unknown}
 k - a scroll of blinking {unknown}
 m - a scroll of amnesia {unknown}
 n - a scroll of enchant weapon {unknown}
 o - 2 scrolls of identify {unknown}
 x - a scroll of magic mapping {unknown}
Potions
 c - 2 potions of curing {unknown}
 f - a potion of stabbing {unknown}
 i - a potion of magic {unknown}
 l - a potion of resistance {unknown}
 t - a potion of flight {unknown}


   Skills:
 - Level 1.1 Fighting
 - Level 1.7 Dodging
 + Level 5.7 Unarmed Combat
 - Level 2.0 Spellcasting
 + Level 5.2 Transmutations


You had 5 spell levels left.
You knew the following spells:

 Your Spells              Type           Power        Failure   Level
b - Spider Form           Tmut/Pois      #.........   24%         3
p - Beastly Appendage     Tmut           ###...       2%          1

Your spell library contained the following spells:

 Spells                   Type           Power        Failure   Level
 Wereblood                Tmut           ###.....     4%          2
 Blade Hands              Tmut           ###.......   58%         5
 Ice Form                 Ice/Tmut       #.......     63%         4


Dungeon Overview and Level Annotations

Branches:
Dungeon (5/15)
 Temple: D:4-7

Altars:
Elyvilon
Hepliaklqana
Qazlal
Ru
Sif Muna
Wu Jian


Innate Abilities, Weirdness & Mutations

Your plain brown scales are hard. (AC +6)
You cannot fit into any form of body armour.
You occasionally shout uncontrollably at your foes.
You are cold-blooded and may be slowed by cold attacks.


Message History

The ogre hits you with a +0 giant spiked club!!
* * * LOW HITPOINT WARNING * * *
Casting: Spider Form (dangerous; 24% risk of failure)
Confirm with . or Enter, or press ? or * to list all spells.
You don't know that spell.
An ogre is nearby!
Really attack while wielding the +8 hunting sling of Vananot {vorpal, +Blink rElec rN++ Dex-4}? [Y]es or [N]o only, please.
Really attack while wielding the +8 hunting sling of Vananot {vorpal, +Blink rElec rN++ Dex-4}? [Y]es or [N]o only, please.
Really attack while wielding the +8 hunting sling of Vananot {vorpal, +Blink rElec rN++ Dex-4}?
Okay, then.
Unknown command.
Casting: Spider Form (dangerous; 24% risk of failure)
Confirm with . or Enter, or press ? or * to list all spells.
You miscast Spider Form.
You are very lightly contaminated with residual magic.
Nothing appears to happen.
The ogre hits you with a +0 giant spiked club!!
You die...

##### #########
#####...#...........
##..@O.(..(#........#
#..####(.#.# ##....#
###.## ##.# # #......
##...+ (5. ##....#
##....# .#......|.#.#
#..#### .#.O.######.#
#.## .. ..# #.. #.#
#. ..# ##. #.## ###
#.


You could see an ogre.

Vanquished Creatures
  A scorpion (D:5)
  2 hounds
  An iguana (D:4)
  Natasha (thrice) (D:3)
  A worker ant (D:4)
  A hound zombie (D:5)
  A hound skeleton (D:5)
  5 adders
  2 white imps
  An ufetubus (D:5)
  3 oozes
  2 dart slugs (D:1)
  3 leopard geckos
  6 orcs
  10 giant cockroaches
  7 goblins
  6 hobgoblins
  A quokka (D:2)
  9 bats
  4 frilled lizards
  10 kobolds
  6 rats
85 creatures vanquished.

Notes
Turn   | Place    | Note
-------+----------+-------------------------------------------
     0 | D:1      | lunkers the Draconian Transmuter began the quest for the
                  | Orb.
     0 | D:1      | Reached XP level 1. HP: 16/16 MP: 3/3
   433 | D:1      | Reached XP level 2. HP: 22/23 MP: 3/5
  1182 | D:2      | Found a shimmering blue altar of Sif Muna.
  1193 | D:2      | Found a white marble altar of Elyvilon.
  1204 | D:2      | Reached XP level 3. HP: 26/28 MP: 4/6
  1543 | D:2      | Learned a level 3 spell: Spider Form
  1574 | D:2      | Found a hazy altar of Hepliaklqana.
  1574 | D:2      | Found an ornate altar of the Wu Jian Council.
  1575 | D:2      | Found a sacrificial altar of Ru.
  1638 | D:2      | Became a worshipper of Ru the Awakened
  1937 | D:2      | Reached XP level 4. HP: 35/35 MP: 5/7
  2541 | D:3      | Noticed Natasha
  2545 | D:3      | Killed Natasha
  2579 | D:3      | Found a stormy altar of Qazlal.
  2580 | D:3      | Noticed Natasha
  2585 | D:3      | Killed Natasha
  2585 | D:3      | Reached XP level 5. HP: 38/40 MP: 4/8
  2726 | D:3      | Gained mutation: You occasionally shout uncontrollably at
                  | your foes. [Ru sacrifice]
  2741 | D:3      | Noticed Natasha
  2747 | D:3      | Killed Natasha
  3176 | D:4      | Reached skill level 5 in Unarmed Combat
  3194 | D:4      | Got a bloodstained hunting sling
  3195 | D:4      | Identified the +8 hunting sling of Vananot {vorpal, +Blink
                  | rElec rN++ Dex-4} (You found it on level 4 of the Dungeon)
  3752 | D:4      | Reached XP level 6. HP: 10/47 MP: 5/9
  4574 | D:5      | Entered Level 5 of the Dungeon
  4637 | D:5      | Reached skill level 5 in Transmutations
  4867 | D:5      | Slain by an ogre

Illustrated notes

Levels and vault maps discovered:
D:1:      minmay_arrival_solitary_statue, layout_basic, minmay_worlds_worst_comb
D:2:      minmay_chambers_of_ones, layout_basic, gammafunk_temple_overflow_claw,
          grunt_temple_overflow_open, supply_closet_lemuel
D:3:      layout_loops_cross, old_standard_altar, serial_co_window_serial,
          co_window_paths_a, co_window_of_opportunity_a, co_window_corner_a,
          co_window_of_opportunity_a, co_window_corner_a, co_window_corner_ca,
          co_window_cross_4, co_window_broadway_a, co_window_broadway_b,
          co_window_broadway_c, co_window_corner_b, uniq_natasha
D:4:      layout_loops_corners
D:5:      layout_loops_ring, minmay_joined_circles

Skill      XL: |  1  2  3  4  5  6 |
---------------+-------------------+-----
Transmutations | 3 4 5 |  5.2
Unarmed Combat | 4 5 |  5.7
Fighting       | |  1.1
Dodging        | |  1.7
Spellcasting   | |  2.0

Action                   |  1- 3 |  4- 6 || total
-------------------------+-------+-------++-------
Melee: Unarmed           |   139 |    76 ||   215
       Kick              |    22 |     6 ||    28
       Headbutt          |    13 |     4 ||    17
       Tailslap          |    10 |     3 ||    13
 Fire: Hunting sling     |       |    38 ||    38
 Cast: Beastly Appendage |    29 |     6 ||    35
       Spider Form       |       |     6 ||     6
Invok: Sacrifice Purity  |       |     1 ||     1
  Use: Scroll            |       |     1 ||     1
 Stab: Sleeping          |     1 |       ||     1
Armor: Skin              |    52 |    19 ||    71
Dodge: Dodged            |   100 |    61 ||   161

Table legend: (Time is in decaauts)
 A = Elapsed time spent in this place.
 B = Non-inter-level travel time spent in this place.
 C = Inter-level travel time spent in this place.
 D = Time resting spent in this place.
 E = Time spent auto-exploring this place.
 F = Levels seen in this place.
 G = Mean time per level.
                   A        B        C        D        E       F      G
               +--------+--------+--------+--------+--------+-----+--------+
         Total |   4858 |   4401 |    457 |     28 |   3751 |   5 |  971.6 |
       Dungeon |   4858 |   4401 |    457 |     28 |   3751 |   5 |  971.6 |
               +--------+--------+--------+--------+--------+-----+--------+

Top non-repeatable levels by time:
     D:2: 1282 daAuts
     D:3: 1171 daAuts
     D:1: 1168 daAuts
     D:4: 940 daAuts
     D:5: 296 daAuts
